 Dungeon Crawl Stone Soup version 0.23.1 (webtiles) character file.

Game seed: 16497089495437048618

3908 dengdeng the Cleaver (level 10, 0/84 HPs)
             Began as a Hill Orc Berserker on Mar 15, 2019.
             Was a High Priest of Trog.
             Succumbed to a wight's poison
             ... on level 8 of the Dungeon.
             The game lasted 00:28:13 (7196 turns).

dengdeng the Cleaver (Hill Orc Berserker)           Turns: 7196, Time: 00:28:14

Health: 0/84       AC: 19    Str: 24    XL:     10   Next: 20%
Magic:  10/10      EV: 11    Int:  7    God:    Trog [*****.]
Gold:   153        SH:  0    Dex: 10    Spells: 9/9 levels left

rFire    x . .     SeeInvis .   q - +4 hand axe
rCold    + . .     Gourm    .   (no shield)
rNeg     . . .     Faith    .   B - +0 plate armour
rPois    .         Spirit   .   H - +1 helmet
rElec    .         Reflect  .   e - +0 cloak
rCorr    .         Harm     .   (no gloves)
MR       .....                  A - +0 pair of boots
Stlth    ..........             (no amulet)
HPRegen  0.24/turn              y - ring of ice
MPRegen  0.12/turn              F - +3 ring of evasion

@: lethally poisoned (0 -> -9), berserk cooldown, slowed, lightly drained, very
slow
A: no striking features
a: Berserk, Trog's Hand, Brothers in Arms, Renounce Religion


You were on level 8 of the Dungeon.
You worshipped Trog.
Trog was extremely pleased with you.
You were hungry.

You visited 1 branch of the dungeon, and saw 8 of its levels.

You collected 335 gold pieces.
You spent 182 gold pieces at shops.

Inventory:

Hand Weapons
 q - a +4 hand axe (weapon)
Missiles
 i - 253 stones
 p - 14 tomahawks (quivered)
Armour
 e - a +0 cloak (worn)
 A - a +0 pair of boots (worn)
 B - a +0 plate armour (worn)
 H - a +1 helmet (worn)
Jewellery
 o - an uncursed ring of fire
 y - a ring of ice (left hand)
 F - a +3 ring of evasion (right hand)
Scrolls
 a - 4 scrolls of teleportation {unknown}
 b - 5 scrolls of identify {unknown}
 f - 3 scrolls of immolation {unknown}
 g - 5 scrolls of enchant weapon {unknown}
 j - 6 scrolls of remove curse
 n - 2 scrolls of fog {unknown}
 r - 4 scrolls of enchant armour {unknown}
 v - 3 scrolls of fear {unknown}
 z - 2 scrolls of magic mapping {unknown}
 C - a scroll of holy word {unknown}
Potions
 d - a potion of might {unknown}
 h - 5 potions of curing
 k - a potion of resistance {unknown}
 l - a potion of lignification {unknown}
 m - 5 potions of agility {unknown}
 s - a potion of mutation {unknown}
 t - 3 potions of haste
 u - a potion of degeneration {unknown}
 w - a potion of cancellation {unknown}
 x - 2 potions of heal wounds
 D - 2 potions of flight {unknown}
 G - a potion of brilliance {unknown}
Comestibles
 c - 20 rations
 E - 10 chunks of flesh


   Skills:
 + Level 6.8(6.6) Fighting
 + Level 13.6(13.4) Axes
 + Level 1.7(1.6) Throwing
 + Level 8.7(8.5) Armour
 + Level 2.7(2.5) Dodging
 + Level 1.3(1.1) Stealth


You had 9 spell levels left.
You didn't know any spells.
Your spell library contained the following spells:

 Spells                   Type           Power        Failure   Level  Hunger
 Sandblast                Erth           #.....       99%         1    ##.....
 Passwall                 Tmut/Erth      #.......     100%        2    ###....
 Stone Arrow              Conj/Erth      #.....       100%        3    ####...
 Petrify                  Tmut/Erth      #.......     100%        4    #####..
 Lee's Rapid Deconstruct  Erth           #.........   100%        5    ######.


Dungeon Overview and Level Annotations

Branches:
Dungeon (8/15)             Temple (0/1) D:5
   Lair: D:8-11

Altars:
Nemelex Xobeh
Trog
The Shining One
Beogh

Shops:
D:6 *


Message History

You hit the wight.
You destroy the wight!
Trog accepts your kill.
You feel sick. The wight hits you but does no damage.
The slime creature hits you!
* * * LOW HITPOINT WARNING * * *
The wight hits you but does no damage.
You hit the slime creature.
The slime creature is moderately wounded.
You hit the wight. You hit the wight but do no damage.
You completely miss the wight.
You feel sick.
The wight hits you with a +4 long sword.
* * * LOW HITPOINT WARNING * * *
The slime creature hits you!
* * * LOW HITPOINT WARNING * * *
The wight hits you but does no damage. x2
You slash the slime creature!
The slime creature is heavily wounded.
You closely miss the wight. You hit the wight. x2
You die...

....## ...## .......#
#### #......# .#
#...... .# #.....##
.# #......# .##
#......# ..# #.zzJ..#
..# #.z@...# ..#
#..))..# ..###
#.....##
#...##########.....#
...รท.......##...##.#
...........##...# .#
...........##...# .#
........[..##...# .#
...........##...# .#


You could see a slime creature and 3 wights.

Vanquished Creatures
  4 slime creatures (D:8)
  Eustachio (D:5)
  A water moccasin (D:5)
  Duvessa (D:7)
  A sky beast (D:5)
  5 orc warriors
  3 phantoms
  An ice beast (D:7)
  3 ogres
  5 bullfrogs
  Dowan (D:7)
  A scorpion (D:8)
  2 wights (D:8)
  A howler monkey (D:5)
  A bullfrog zombie (D:5)
  A centaur zombie (D:5)
  A quasit (D:7)
  3 orc priests
  A jelly (D:6)
  2 hounds
  A bullfrog skeleton (D:4)
  4 iguanas
  Jessica (D:2)
  Terence (D:2)
  6 orc wizards
  7 worker ants
  3 hound skeletons
  9 adders
  3 shadow imps
  5 oozes
  3 dart slugs
  4 leopard geckos
  43 orcs
  3 ball pythons
  A giant cockroach (D:5)
  5 goblins
  10 hobgoblins
  7 jackals
  4 quokkas
  A ball python skeleton (D:5)
  10 bats
  7 frilled lizards
  A giant cockroach zombie (D:5)
  A jackal skeleton (D:5)
  A jackal zombie (D:7)
  9 kobolds
  2 leopard gecko skeletons
  A leopard gecko zombie (D:6)
  13 rats
205 creatures vanquished.

Notes
Turn   | Place    | Note
-------+----------+-------------------------------------------
     0 | D:1      | dengdeng the Hill Orc Berserker began the quest for the
                  | Orb.
     0 | D:1      | Reached XP level 1. HP: 19/19 MP: 1/1
   241 | D:1      | Reached XP level 2. HP: 22/27 MP: 2/2
   563 | D:1      | Reached XP level 3. HP: 32/33 MP: 3/3
   581 | D:1      | Reached skill level 5 in Axes
   658 | D:1      | Reached ** piety under Trog
  1218 | D:2      | Noticed Jessica
  1227 | D:2      | Killed Jessica
  1227 | D:2      | Reached XP level 4. HP: 33/40 MP: 4/4
  1314 | D:2      | Reached skill level 6 in Axes
  1334 | D:2      | Reached XP level 5. HP: 46/46 MP: 5/5
  1550 | D:2      | Noticed Terence
  1566 | D:2      | Killed Terence
  1630 | D:2      | Found a sparkling altar of Nemelex Xobeh.
  1679 | D:3      | Reached *** piety under Trog
  1820 | D:3      | Reached skill level 7 in Axes
  1966 | D:3      | Reached XP level 6. HP: 53/53 MP: 6/6
  2239 | D:4      | Reached skill level 8 in Axes
  2670 | D:4      | Noticed a phantom
  2687 | D:4      | Killed a phantom
  2687 | D:4      | Reached XP level 7. HP: 47/60 MP: 7/7
  2756 | D:4      | Found a bloodstained altar of Trog.
  2799 | D:4      | Reached skill level 9 in Axes
  3030 | D:5      | Entered Level 5 of the Dungeon
  3048 | D:5      | Noticed Eustachio
  3075 | D:5      | Killed Eustachio
  3075 | D:5      | Reached **** piety under Trog
  3566 | D:5      | Reached skill level 10 in Axes
  3566 | D:5      | Reached XP level 8. HP: 41/67 MP: 8/8
  3713 | D:5      | Found a staircase to the Ecumenical Temple.
  3749 | D:5      | Reached skill level 5 in Fighting
  3791 | D:5      | Found a runed translucent door.
  3935 | D:5      | Reached skill level 5 in Armour
  4426 | D:5      | Reached skill level 11 in Axes
  4751 | D:5      | Found a roughly hewn altar of Beogh.
  4876 | D:6      | Reached ***** piety under Trog
  4928 | D:6      | Reached XP level 9. HP: 70/75 MP: 9/9
  4990 | D:6      | Reached skill level 12 in Axes
  5198 | D:6      | Found a glowing golden altar of the Shining One.
  5549 | D:6      | Found Atrul's General Store.
  5840 | D:6      | Bought 2 potions of heal wounds for 140 gold pieces
  5840 | D:6      | Bought a potion of curing for 42 gold pieces
  6357 | D:7      | Noticed Duvessa
  6357 | D:7      | Noticed Dowan
  6365 | D:7      | Killed Duvessa
  6365 | D:7      | Reached skill level 1 in Throwing
  6375 | D:7      | Killed Dowan
  6901 | D:8      | Received a gift from Trog
  6901 | D:8      | Reached skill level 13 in Axes
  7179 | D:8      | Reached skill level 1 in Stealth
  7179 | D:8      | Reached XP level 10. HP: 84/84 MP: 10/10
  7195 | D:8      | HP: 1/84 [slime creature (7)]
  7196 | D:8      | Succumbed to a wight's poison

Skill      XL: |  1  2  3  4  5  6  7  8  9 |
---------------+----------------------------+-----
Fighting       | 4 5 6 |  6.8
Axes           | 5 6 7 8 10 11 13 | 13.6
Dodging        | 2 |  2.7
Armour         | 3 4 5 8 |  8.7
Throwing       | 1 |  1.7
Stealth        | 1 |  1.3

Action                   |  1- 3 |  4- 6 |  7- 9 | 10-12 || total
-------------------------+-------+-------+-------+-------++-------
Melee: Hand axe          |   123 |   157 |   375 |    12 ||   667
Throw: Stone             |       |       |    25 |       ||    25
       Tomahawk          |       |       |     9 |       ||     9
Invok: Berserk           |       |     1 |     5 |       ||     6
  Use: Scroll            |       |       |     1 |       ||     1
  Eat: Chunk             |     1 |     6 |    18 |       ||    25
Armor: Ring mail         |    25 |       |       |       ||    25
       Animal skin       |     4 |       |       |       ||     4
       Scale mail        |    27 |    36 |       |       ||    63
       Chain mail        |       |    35 |    99 |       ||   134
       Plate armour      |       |       |    92 |    12 ||   104
Dodge: Dodged            |    79 |    76 |   140 |     7 ||   302
